 Dungeon Crawl Stone Soup version 0.31-a0-1227-g0136665373 (webtiles) character file.

Game seed: 5157984202511129027

49 Iich the Trooper (level 3, 0/29 HPs)
             Began as a Demonspawn Fighter on Dec 14, 2023.
             Blown up by Ijyb (12 damage)
             ... with a mindburst bolt
             ... on level 2 of the Dungeon.
             The game lasted 00:01:16 (709 turns).

Iich the Trooper (Demonspawn Fighter)                Turns: 709, Time: 00:01:17

Health: 0/29       AC: 10    Str: 18    XL:     3   Next: 53%
Magic:  3/3        EV:  9    Int:  8    God:
Gold:   51         SH:  4    Dex: 12    Spells: 2/2 levels left

rFire   . . .        a - +0 war axe
rCold   . . .        c - +0 buckler
rNeg    . . .        b - +0 scale mail
rPois   .            (no helmet)
rElec   .            (no cloak)
rCorr   .            (no gloves)
SInv    .            (no boots)
Will    .....        (no amulet) Stlth
                     h - +4 ring of protection
HPRegen 0.24/turn    (no ring)
MPRegen 0.08/turn

%: no passive effects
@: no status effects
A: demonic touch 1
a: no special abilities


You were on level 2 of the Dungeon.
You visited 1 branch of the dungeon, and saw 2 of its levels.

You collected 51 gold pieces.

Inventory:

Hand Weapons
 a - a +0 war axe (weapon)
Armour
 b - a +0 scale mail (worn)
 c - a +0 buckler (worn)
Jewellery
 h - a +4 ring of protection (left hand)
Scrolls
 f - a scroll of vulnerability {unknown}
 g - a scroll of revelation
 i - a scroll of identify
 j - a scroll of amnesia
Potions
 d - a potion of might
 e - a potion of attraction
 k - a potion of berserk rage {unknown}
 l - a potion of resistance {unknown}


   Skills:
 + Level 3.4 Fighting
 * Level 2.8 Axes
 - Level 2.6 Armour
 + Level 1.2 Dodging
 - Level 2.6 Shields


You had 2 spell levels left.
You didn't know any spells.
Your spell library was empty.

Dungeon Overview and Level Annotations

Branches:
Dungeon (2/15)

Altars:
Qazlal

Annotations:
D:2 Ijyb


Innate Abilities, Weirdness & Mutations

Your touch may inflict minor irresistible damage on your foes.


Message History

You closely miss the goblin. x2; The goblin hits you with a +0 dagger.
The goblin closely misses you.
You take 1 damage, and have 23/29 hp.
You miss the goblin. You completely miss the goblin.
The goblin hits you but does no damage. x2
Unknown command.
You hit Ijyb.
Ijyb is lightly wounded.
You hit the goblin.
You kill the goblin!
You barely miss the goblin. Ijyb barely misses you.
The goblin barely misses you.
You hit Ijyb but do no damage.
Ijyb is lightly wounded.
You barely miss the goblin. Ijyb misses you. You block the goblin's attack.
Ijyb hits you but does no damage. The goblin hits you but does no damage.
The goblin barely misses you.
Unknown command.
You barely miss Ijyb.
Ijyb is lightly wounded.
You closely miss the goblin. You hit the goblin.
The goblin hits you but does no damage.
Ijyb zaps a wand.
Your mind is blasted!
* * * LOW HITPOINT WARNING * * *
Unknown command.
You take 13 damage, and have 11/29 hp. !!!!--MASSIVE DAMAGE--!!!!
You are too injured to fight recklessly!
You are too injured to fight recklessly!
You barely miss Ijyb.
Ijyb is lightly wounded.
You hit the goblin. You barely miss the goblin. You slash the goblin!
You kill the goblin!
The goblin hits you but does no damage. The goblin barely misses you.
Ijyb hits you but does no damage.
You hit Ijyb but do no damage.
Ijyb is lightly wounded.
You closely miss the goblin. You barely miss the goblin.
You block Ijyb's attack. The goblin barely misses you.
The goblin hits you but does no damage. You block the goblin's attack.
Ijyb zaps a wand.
Your mind is blasted!
You die...

.............
......#.....#
.......>..# ....#...####
# .....[.....# .#
....######.########.#
....######..........####
........###.............
#######........g@.#####
####.....g)g8.8.8.
##.............
######........ #........
#........ #........
#..8.8.8. #######


You could see Ijyb and 2 goblins.

Vanquished Creatures
  An adder (D:2)
  2 worms (D:2)
  2 dart slugs (D:1)
  3 ball pythons
  A giant cockroach (D:1)
  6 goblins
  2 hobgoblins (D:1)
  2 kobolds (D:1)
  4 bats
  4 frilled lizards
  A rat (D:1)
28 creatures vanquished.

Notes
Turn   | Place    | Note
-------+----------+-------------------------------------------
     0 | D:1      | Iich the Demonspawn Fighter began the quest for the Orb.
     0 | D:1      | Reached XP level 1. HP: 18/18 MP: 1/1
    91 | D:1      | Gained mutation: Your touch may inflict minor irresistible
                  | damage on your foes. [demonic ancestry]
    91 | D:1      | Reached XP level 2. HP: 24/24 MP: 2/2
   524 | D:2      | Reached skill level 1 in Dodging
   529 | D:2      | Reached XP level 3. HP: 21/29 MP: 3/3
   570 | D:2      | Found a stormy altar of Qazlal.
   697 | D:2      | Noticed Ijyb
   709 | D:2      | Blown up by Ijyb

Illustrated notes

Levels and vault maps discovered:
D:1:      dpeg_arrival_tiny_g, layout_rooms, minmay_pentomino_z2
D:2:      kennysheep_the_goblin_king, layout_rooms, basic_altar, uniq_natasha

Skill      XL: |  1  2 |
---------------+-------+-----
Axes           | 2 |  2.8
Dodging        | 1 |  1.2
Fighting       | |  3.4
Armour         | |  2.6
Shields        | |  2.6

Action                     || total
---------------------------++-------
  Melee: War axe           ||    76
    Use: Scroll            ||     3
 Armour: Scale mail        ||    66
  Dodge: Dodged            ||    49
  Block: Buckler           ||    22

Table legend: (Time is in decaauts)
 A = Elapsed time spent in this place.
 B = Non-inter-level travel time spent in this place.
 C = Inter-level travel time spent in this place.
 D = Time resting spent in this place.
 E = Time spent auto-exploring this place.
 F = Levels seen in this place.
 G = Mean time per level.
                   A        B        C        D        E       F      G
               +--------+--------+--------+--------+--------+-----+--------+
         Total |    739 |    716 |     23 |      0 |    539 |   2 |  369.5 |
       Dungeon |    739 |    716 |     23 |      0 |    539 |   2 |  369.5 |
               +--------+--------+--------+--------+--------+-----+--------+

Top non-repeatable levels by time:
     D:1: 531 daAuts
     D:2: 207 daAuts
